[Event "Late-Titled-Tuesday-Blitz-January-16-2024"]
[Site "Chess.com"]
[Date "2024.01.16"]
[Round "6"]
[White "Sjakkerntobi"]
[Black "FredddieCroderg"]
[Result "0-1"]
[WhiteElo "2512"]
[BlackElo "2364"]
[TimeControl "180+1"]
[EndTime "15:01:10 PST"]
[Termination "FredddieCroderg won by resignation"]

1. e4 c6 2. Nc3 d5 3. Nf3 Bg4 4. h3 Bh5 5. exd5 cxd5 6. Bb5+ Nc6 7. g4 Bg6 8. Ne5 Rc8 9. d4 e6 10. Qe2 Bb4 11. h4 Ne7 12. h5 Be4 13. f3 O-O 14.
Bxc6 Nxc6 15. Nxc6 Rxc6 16. fxe4 Rxc3 17. bxc3 Bxc3+ 18. Bd2 Bxa1 19. h6 Bxd4 20. hxg7 Bxg7 21. Qh2 h6 22. Bxh6 Qf6 23. Bxg7 Qxg7 24. e5 Rc8 25. Qe2 Rc4 26. Kd2 Qg5+ 27. Kd3 Qg6+ 0-1

[Event "Late-Titled-Tuesday-Blitz-January-16-2024"]
[Site "Chess.com"]
[Date "2024.01.16"]
[Round "6"]
[White "cassoulet"]
[Black "CamillaEffect"]
[Result "1-0"]
[WhiteElo "2774"]
[BlackElo "2561"]
[TimeControl "180+1"]
[EndTime "15:01:18 PST"]
[Termination "cassoulet won by resignation"]

1. e4 e5 2. Nf3 Nc6 3. Bb5 f5 4. Nc3 fxe4 5. Nxe4 d5 6. Nxe5 dxe4 7. Nxc6 Qd5 8. c4 Qd6 9. Qh5+ g6 10. Qe5+ Qxe5 11. Nxe5+ c6 12. Ba4 Bg7 13. d4 exd3 14. Nxd3 Bf5 15.
Nc5 O-O-O 16. O-O b6 17. Nb3 Kb7 18. Bg5 Rd7 19. Rad1 Bxb2 20. h3 Nf6 21. Rxd7+ Nxd7 22. g4 Be6 23. Rb1 Bg7 24. Na5+ Kc7 25. Nxc6 Bxc4 26.
Bf4+ Kb7 27. Na5+ Ka6 28. Nxc4 Nc5 29. Bb5+ Kb7 30. Nd6+ 1-0

[Event "Late-Titled-Tuesday-Blitz-January-16-2024"]
[Site "Chess.com"]
[Date "2024.01.16"]
[Round "6"]
[White "cristiancamilosoto"]
[Black "Navyblue1"]
[Result "1-0"]
[WhiteElo "2393"]
[BlackElo "2182"]
[TimeControl "180+1"]
[EndTime "15:01:23 PST"]
[Termination "cristiancamilosoto won by resignation"]

1. c4 Nf6 2. Nc3 g6 3. e4 d6 4. d4 Bg7 5. f3 O-O 6. Be3 c5 7. dxc5 dxc5 8. Qxd8 Rxd8 9. Bxc5 Nc6 10. Nd5 e6 11.
Ne7+ Nxe7 12. Bxe7 Re8 13. Ba3 Nd7 14. O-O-O Nb6 15.
b3 Bh6+ 16. Kb1 Bg7 17. Bd3 Bd7 18. Ne2 Bc6 19. Bb2 Bxb2 20. Kxb2 Nd7 21. Bc2 Nf6 22. Nd4 Rac8 23. Nxc6 Rxc6 24. Rd2 e5 25. Rhd1 Kg7 26. Rd6 Re6 27. Rxc6 Rxc6 28. Rd8 a5 29. a3 b6 30.
Kc3 h6 31. b4 axb4+ 32. axb4 h5 33. Ba4 Rc7 34. Rd6 Ra7 35. Kb3 Rb7 36. Bc6 Rc7 37. Bd5 Nxd5 38. exd5 Rb7 39. Ka4 1-0

[Event "Late-Titled-Tuesday-Blitz-January-16-2024"]
[Site "Chess.com"]
[Date "2024.01.16"]
[Round "6"]
[White "Oleksandr_Bortnyk"]
[Black "vidavi"]
[Result "0-1"]
[WhiteElo "3071"]
[BlackElo "2512"]
[TimeControl "180+1"]
[EndTime "15:01:27 PST"]
[Termination "vidavi won by resignation"]

1. d4 Nf6 2. Nc3 d5 3. Bf4 g6 4.
e3 Bg7 5. h4 h5 6. Nf3 O-O 7.
Qd2 c6 8. Ne5 b6 9. f3 Bb7 10.
Bd3 Nbd7 11. g4 hxg4 12. fxg4 Nxe5 13. Bxe5 Qd7 14. O-O-O Ne4 15. Bxe4 dxe4 16. Bxg7 Kxg7 17. h5 g5 18. h6+ Kh8 19. Nxe4 f6 20. Rhg1 a5 21.
Nc3 a4 22. a3 Qe6 23. e4 Qc4 24. d5 b5 25. dxc6 Bxc6 26. Qd4 Qe6 27. Nd5 Rad8 28. Kb1 Rd6 29. Nc7 Qd7 30. Nd5 e6 31. Rgf1 exd5 32. e5 Re6 33. exf6 Re4 34. Qc3 d4 35.
Qc5 Rf7 36. Qxg5 Re2 37. Qg7+ Rxg7 38. hxg7+ Kg8 39. Rh1 Bxh1 40. Rxh1 Qe8 41. Rh8+ Kf7 42.
Rxe8 Rxe8 43. g5 Re1+ 44. Ka2 Rg1 45. b3 Rxg5 46. bxa4 bxa4 47. c3 d3 0-1

[Event "Late-Titled-Tuesday-Blitz-January-16-2024"]
[Site "Chess.com"]
[Date "2024.01.16"]
[Round "6"]
[White "Gyulamiryan-koryun"]
[Black "dasatcu90"]
[Result "0-1"]
[WhiteElo "1661"]
[BlackElo "2273"]
[TimeControl "180+1"]
[EndTime "15:01:27 PST"]
[Termination "dasatcu90 won by resignation"]

1. e4 c6 2. Nc3 d5 3. Nf3 Bg4 4. h3 Bxf3 5. Qxf3 e6 6. exd5 cxd5 7. Bb5+ Nc6 8. O-O Nf6 9. d3 Rc8 10. Re1 Be7 11. d4 O-O 12. Bxc6 Rxc6 13. a3 a6 14. Bf4 b5 15. Rac1 Qc8 16. Be5 Nd7 17. Re2 Nxe5 18.
dxe5 Rd8 19. Nd1 Bg5 20. Ne3 d4 21. Qg4 Bh6 22. f4 dxe3 23. Rxe3 Rxc2 24. Rc3 Rxc1+ 25. Rxc1 Qxc1+ 26. Kh2 Qxf4+ 27. Qxf4 Bxf4+ 28. g3 Rd2+ 0-1

[Event "Late-Titled-Tuesday-Blitz-January-16-2024"]
[Site "Chess.com"]
[Date "2024.01.16"]
[Round "6"]
[White "ikhasu"]
[Black "gxbg2000"]
[Result "1-0"]
[WhiteElo "2399"]
[BlackElo "2069"]
[TimeControl "180+1"]
[EndTime "15:01:29 PST"]
[Termination "ikhasu won by resignation"]

1. d4 d5 2. Bf4 Nf6 3. e3 g6 4.
Nc3 Bg7 5. h4 O-O 6. Nf3 h5 7.
Ne5 Nc6 8. Bd3 Nxe5 9. Bxe5 Ng4 10. Bxg7 Kxg7 11. Qe2 f5 12. O-O-O c6 13. f3 Nf6 14. e4 dxe4 15. fxe4 fxe4 16. Bxe4 Nxe4 17. Qxe4 Bf5 18. Qe5+ Rf6 19. d5 Qd6 20. Qe3 Rc8 21.
dxc6 Qxc6 22. Qxe7+ Rf7 23. Qe5+ Qf6 24. Rhe1 Rfc7 25. Qxf6+ Kxf6 26. Nd5+ Kg7 27. Nxc7 Rxc7 28. c3 b5 29. Rd4 a5 30. a3 Kf6 31. Kd2 Rb7 32. Re8 Kf7 33. Rh8 Kg7 34. Ra8 a4 35.
Rad8 Kf6 36. R8d6+ Ke5 37. Ke3 Be6 38. Ra6 Bc4 39.
Rxg6 Kf5 40. Rg5+ Kf6 41. Rf4+ Ke6 42. Rg6+ Ke5 43. Re4+ Kf5 44. Rg5+ Kf6 45. Rxh5 Rd7 46. Rh6+ Kg7 47. Rb6 Rd3+ 48. Kf2 Rd2+ 49. Kg3 Rxb2 50.
Re7+ Kf8 51. Ra7 Bf7 52. Rb8+ Be8 53. Raa8 Re2 54. Rxe8+ 1-0

[Event "Late-Titled-Tuesday-Blitz-January-16-2024"]
[Site "Chess.com"]
[Date "2024.01.16"]
[Round "6"]
[White "milenapn"]
[Black "campochess"]
[Result "1/2-1/2"]
[WhiteElo "2009"]
[BlackElo "2124"]
[TimeControl "180+1"]
[EndTime "15:01:43 PST"]
[Termination "Game drawn by repetition"]

1. e4 c5 2. Nf3 Nc6 3. d4 cxd4 4. Nxd4 Qb6 5. Nb3 Nf6 6. Be3 Qc7 7. Nc3 e6 8. Bd3 a6 9. O-O h5 10. h3 Ng4 11.
hxg4 hxg4 12. g3 Ne5 13. Bf4 Bd6 14. Be2 Nf3+ 15. Bxf3 Bxf4 16. Bg2 Bxg3 17. fxg3 Qxg3 18. Qd3 Qh2+ 19. Kf2 Rh3 20. Qe2 Qg3+ 21. Kg1 b5 22. Rad1 Qh2+ 23. Kf2 Qg3+ 24. Kg1 Qh2+ 25. Kf2 Qg3+ 26.
Kg1 1/2-1/2

[Event "Late-Titled-Tuesday-Blitz-January-16-2024"]
[Site "Chess.com"]
[Date "2024.01.16"]
[Round "6"]
[White "VladimirKramnik"]
[Black "Korchmar_Vasiliy"]
[Result "1-0"]
[WhiteElo "2918"]
[BlackElo "2739"]
[TimeControl "180+1"]
[EndTime "15:01:50 PST"]
[Termination "VladimirKramnik won by resignation"]

1. e4 c5 2. Nf3 d6 3. d4 cxd4 4. Nxd4 Nf6 5. Nc3 Nc6 6. Bg5 Bd7 7. Qd2 a6 8. O-O-O e6 9. f3 Be7 10. Kb1 Nxd4 11. Qxd4 Qc7 12. h4 b5 13. Qd2 b4 14.
Ne2 h6 15. Be3 e5 16. g4 Be6 17. Ng3 Rc8 18. Nf5 d5 19. Nxg7+ Kf8 20. Bxh6 Rxh6 21. Nxe6+ fxe6 22. Qxh6+ Kf7 23. Bd3 a5 24. g5 Ng8 25. Qh7+ Kf8 26. exd5 1-0

[Event "Late-Titled-Tuesday-Blitz-January-16-2024"]
[Site "Chess.com"]
[Date "2024.01.16"]
[Round "6"]
[White "Bkmzzzzz"]
[Black "PawnEatingZombie"]
[Result "1-0"]
[WhiteElo "2392"]
[BlackElo "2168"]
[TimeControl "180+1"]
[EndTime "15:01:50 PST"]
[Termination "Bkmzzzzz won by resignation"]

1. e4 e6 2. Nf3 d5 3. exd5 exd5 4. d4 Nf6 5. Bd3 Bd6 6. O-O O-O 7. Bg5 h6 8. Bh4 c6 9. c4 Be6 10. c5 Be7 11. Nc3 Nbd7 12. Re1 Re8 13. b4 b6 14. a4 bxc5 15. bxc5 Qa5 16. Qd2 Kf8 17. Reb1 Rab8 18. Bg3 Rxb1+ 19. Rxb1 Nh5 20. Be5 Nxe5 21. Nxe5 Qc7 22.
Be2 Nf6 23. h3 Bxc5 24. Rc1 Bxd4 25. Qxd4 c5 26. Qf4 Bxh3 27. Ng6+ 1-0

[Event "Late-Titled-Tuesday-Blitz-January-16-2024"]
[Site "Chess.com"]
[Date "2024.01.16"]
[Round "6"]
[White "KVAIDAN"]
[Black "jjbolanos"]
[Result "0-1"]
[WhiteElo "2354"]
[BlackElo "2097"]
[TimeControl "180+1"]
[EndTime "15:01:56 PST"]
[Termination "jjbolanos won by resignation"]

1. f4 d5 2. Nf3 Bg4 3. Ne5 Bf5 4.
c4 c6 5. cxd5 cxd5 6. Qb3 Qc7 7.
Nc3 e6 8. e3 a5 9. Bb5+ Nc6 10.
Qa4 Rc8 11. Ne2 Bd6 12. Nd4 Ne7 13. O-O Bxe5 14. fxe5 Qxe5 15. Qxa5 O-O 16. Nxf5 Nxa5 17.
Nxe7+ Kh8 18. Nxc8 Rxc8 19. Rb1 f6 20. b3 Rc2 21. a3 Qc7 22. Bd3 Rc6 23. h3 Nxb3 24. Bb2 Nxd2 25. Rxf6 gxf6 26. Bxf6+ Kg8 27. Rb2 Rc1+ 28.
Kf2 Ne4+ 29. Kf3 Nxf6 0-1

[Event "Late-Titled-Tuesday-Blitz-January-16-2024"]
[Site "Chess.com"]
[Date "2024.01.16"]
[Round "6"]
[White "only_strong_moves"]
[Black "szachmistrz2500"]
[Result "1-0"]
[WhiteElo "2558"]
[BlackElo "2432"]
[TimeControl "180+1"]
[EndTime "15:02:00 PST"]
[Termination "only_strong_moves won by resignation"]

1. d4 d5 2. Nc3 Nf6 3. Bf4 c5 4. e4 e6 5. dxc5 Bxc5 6. exd5 exd5 7. Bb5+ Nc6 8. Qe2+ Be6 9. Nf3 O-O 10. O-O Bg4 11. h3 Nd4 12. Qd3 Nxf3+ 13. gxf3 Bxh3 14. Rfe1 Qb6 15. Na4 Bxf2+ 16. Kh2 Qa5 17. Re2 a6 18.
Rxf2 axb5 19. Nc5 Be6 20. Qd4 Nd7 21. Rg1 f6 22. Nxe6 1-0

[Event "Late-Titled-Tuesday-Blitz-January-16-2024"]
[Site "Chess.com"]
[Date "2024.01.16"]
[Round "6"]
[White "EsmeraldasAnderson03"]
[Black "tarno17"]
[Result "1-0"]
[WhiteElo "2387"]
[BlackElo "2170"]
[TimeControl "180+1"]
[EndTime "15:02:00 PST"]
[Termination "EsmeraldasAnderson03 won on time"]

1. d4 d5 2. c4 e6 3. Nc3 Nf6 4. cxd5 exd5 5. Bg5 Be7 6. e3 O-O 7.
Qc2 h6 8. Bh4 b6 9. Bd3 Bb7 10.
Nf3 Nbd7 11. O-O Rc8 12. Bf5 c5 13. dxc5 bxc5 14. Rfd1 Rc6 15. Bxd7 Qxd7 16. Nxd5 Nxd5 17. Bxe7 Qxe7 18. Rxd5 Rg6 19. Rf5 Be4 20. Qxc5 Bxf5 21. Qxe7 1-0

[Event "Late-Titled-Tuesday-Blitz-January-16-2024"]
[Site "Chess.com"]
[Date "2024.01.16"]
[Round "6"]
[White "ChessSwole"]
[Black "WindWhistler11"]
[Result "1-0"]
[WhiteElo "2652"]
[BlackElo "2431"]
[TimeControl "180+1"]
[EndTime "15:02:03 PST"]
[Termination "ChessSwole won on time"]

1. e4 e6 2. d4 d5 3. Nc3 Bb4 4. exd5 exd5 5. Bd3 Ne7 6. Qh5 Nbc6 7. a3 Ba5 8. Nf3 Be6 9. O-O Qd7 10. Na4 Bg4 11. Qg5 Bxf3 12. gxf3 Bb6 13. c3 Nd8 14. Nxb6 axb6 15. Re1 Ne6 16. Qg3 O-O 17. Kh1 f5 18. Qe5 Rf6 19. Bd2 Ng6 20. Qg3 Qd6 21. Bc2 Ngf4 22.
Re5 Rg6 23. Qh4 Ng2 24. Qh5 1-0

[Event "Late-Titled-Tuesday-Blitz-January-16-2024"]
[Site "Chess.com"]
[Date "2024.01.16"]
[Round "6"]
[White "Nick12772"]
[Black "Bala-Afiada"]
[Result "1-0"]
[WhiteElo "2342"]
[BlackElo "2043"]
[TimeControl "180+1"]
[EndTime "15:02:03 PST"]
[Termination "Nick12772 won by resignation"]

1. Nf3 d5 2. g3 c5 3. Bg2 Nc6 4. d4 cxd4 5. Nxd4 e6 6. c4 Nf6 7. Nc3 Nxd4 8. Qxd4 Bb4 9. O-O Bxc3 10. bxc3 O-O 11. Bg5 dxc4 12. Qxc4 h6 13. Rfd1 Qe7 14. Bf4 Rd8 15. Bc7 Rxd1+ 16. Rxd1 a6 17. Bd8 Qa3 18. Bxf6 gxf6 19. Rd8+ Kh7 20. Rxc8 Qc1+ 21. Bf1 b5 22. Qc7 Rxc8 23. Qxc8 1-0

[Event "Late-Titled-Tuesday-Blitz-January-16-2024"]
[Site "Chess.com"]
[Date "2024.01.16"]
[Round "6"]
[White "Lion-Al-Messi"]
[Black "Grischuk"]
[Result "0-1"]
[WhiteElo "2607"]
[BlackElo "3061"]
[TimeControl "180+1"]
[EndTime "15:02:11 PST"]
[Termination "Grischuk won by resignation"]

1. e4 e5 2. Nf3 Nc6 3. Bb5 a6 4. Ba4 Nf6 5. O-O Be7 6. d3 d6 7.
a3 O-O 8. Nc3 Nb8 9. h3 Nbd7 10.
Be3 Re8 11. Re1 Bf8 12. d4 exd4 13. Bxd4 b5 14. Bb3 Bb7 15. Ng5 Re7 16. Qf3 c5 17. Bxf6 Nxf6 18. h4 c4 19. Ba2 Qe8 20. b3 d5 21. bxc4 dxc4 22. Rad1 h6 23. Nh3 Nxe4 24. Nd5 Bxd5 25. Rxd5 Nd2 26. Rxd2 Rxe1+ 27. Kh2 Rd8 28. Rxd8 Qxd8 29. g3 Qd1 30. Qa8 Qxc2 0-1

[Event "Late-Titled-Tuesday-Blitz-January-16-2024"]
[Site "Chess.com"]
[Date "2024.01.16"]
[Round "6"]
[White "sansanathalia"]
[Black "sergeikim"]
[Result "0-1"]
[WhiteElo "2375"]
[BlackElo "2561"]
[TimeControl "180+1"]
[EndTime "15:02:11 PST"]
[Termination "sergeikim won by resignation"]

1. d4 Nf6 2. Nf3 g6 3. g3 Bg7 4.
Bg2 d6 5. O-O O-O 6. c4 Nbd7 7.
Nc3 e5 8. dxe5 dxe5 9. Bg5 Re8 10. Ne4 h6 11. Bxf6 Nxf6 12. Qxd8 Rxd8 13. Nxf6+ Bxf6 14. Rad1 Be6 15. b3 a5 16. Nd2 a4 17. Bxb7 Rab8 18. Bg2 Be7 19. Nf3 axb3 20. axb3 Rxb3 21. Rxd8+ Bxd8 22. Nxe5 Bf6 23. Nd3 Bxc4 24. Rc1 Rc3 25. Rd1 Bb3 26. Rb1 Kg7 27. Nc5 Bc2 28. Rb5 Bf5 29.
Nd3 Bd4 30. Rb1 c5 31. Nf4 Bxb1 0-1

[Event "Late-Titled-Tuesday-Blitz-January-16-2024"]
[Site "Chess.com"]
[Date "2024.01.16"]
[Round "6"]
[White "olawsson"]
[Black "Akhayan"]
[Result "0-1"]
[WhiteElo "2154"]
[BlackElo "2353"]
[TimeControl "180+1"]
[EndTime "15:02:16 PST"]
[Termination "Akhayan won by resignation"]

1. d4 a6 2. c4 e6 3. Nf3 b5 4. e3 bxc4 5. Bxc4 Bb7 6. O-O Nf6 7. Nbd2 Be7 8. Qe2 O-O 9. a3 c5 10. dxc5 Bxc5 11. b4 Be7 12. Bb2 d6 13. Rac1 Nbd7 14. Nb3 Bd5 15. Na5 Qb6 16. Bd4 Bxc4 17. Qxc4 Qb5 18. Qc7 e5 19. Nc6 Bd8 20. Nxd8 Raxd8 21. Bb2 Nb6 22. Rfd1 Na4 23. Ba1 Rd7 24. Qc6 Rfd8 25. h3 h6 26. Qxb5 axb5 27. Rc6 Kf8 28. Nd2 Ke7 29.
Ne4 Nxe4 0-1

[Event "Late-Titled-Tuesday-Blitz-January-16-2024"]
[Site "Chess.com"]
[Date "2024.01.16"]
[Round "6"]
[White "adic2020"]
[Black "ArtemDyachuk"]
[Result "1-0"]
[WhiteElo "2457"]
[BlackElo "2632"]
[TimeControl "180+1"]
[EndTime "15:02:17 PST"]
[Termination "adic2020 won by resignation"]

1. e4 c5 2. b3 g6 3. Bb2 Nf6 4.
e5 Nd5 5. Qf3 Nc7 6. h4 h5 7.
Bc4 Ne6 8. Nh3 Bg7 9. Ng5 Nxg5 10. hxg5 e6 11. Na3 d5 12. Nb5 dxc4 13. Nd6+ Kd7 14.
d4 cxd4 15. O-O-O Nc6 16. Bxd4 Qxg5+ 17. Kb1 Kc7 18. Qxf7+ Qe7 19. Nb5+ Kb8 20. Bc5 Bf8 21. Bd6+ Qxd6 22. exd6 1-0

[Event "Late-Titled-Tuesday-Blitz-January-16-2024"]
[Site "Chess.com"]
[Date "2024.01.16"]
[Round "6"]
[White "jinbojinbo"]
[Black "Matrix3x3a"]
[Result "1-0"]
[WhiteElo "2650"]
[BlackElo "2476"]
[TimeControl "180+1"]
[EndTime "15:02:20 PST"]
[Termination "jinbojinbo won by resignation"]

1. Nf3 Nf6 2. g3 d5 3. Bg2 c5 4. O-O g6 5. d3 Bg7 6. Nbd2 O-O 7.
e4 dxe4 8. dxe4 Nc6 9. c3 Qc7 10. Re1 e5 11. Nc4 Rd8 12. Qc2 Be6 13. Ne3 Ng4 14. Ng5 Nxe3 15. Bxe3 Qe7 16. Nxe6 fxe6 17. a4 b6 18. Red1 Na5 19. Bf1 Bf6 20. h4 Kf7 21.
Be2 c4 22. Rxd8 Rxd8 23. Rd1 Qc7 24. h5 Be7 25. Kg2 Rxd1 26. Qxd1 Bc5 27. Bxc5 Qxc5 28.
Qd7+ Qe7 29. Qc8 Qb7 30. Qh8 Qxe4+ 31. Bf3 Qf5 32. Qxh7+ Kf6 33. h6 e4 34. Be2 e3 35.
Qg7+ Kg5 36. f4+ 1-0

[Event "Late-Titled-Tuesday-Blitz-January-16-2024"]
[Site "Chess.com"]
[Date "2024.01.16"]
[Round "6"]
[White "DishonorOnYourCow"]
[Black "Rutricks"]
[Result "0-1"]
[WhiteElo "2549"]
[BlackElo "2724"]
[TimeControl "180+1"]
[EndTime "15:02:22 PST"]
[Termination "Rutricks won by resignation"]

1. d4 g6 2. c4 Bg7 3. Nc3 d6 4. e4 Nd7 5. f4 e5 6. fxe5 dxe5 7. d5 Nh6 8. Nf3 O-O 9. Bd3 Nc5 10. Bc2 f5 11.
O-O f4 12. b4 Nd7 13. c5 g5 14.
c6 Nb6 15. Bb3 Kh8 16. a4 g4 17. Nd2 bxc6 18. a5 Nd7 19. dxc6 Nf6 20. Nc4 Qe8 21. Nd5 Qxc6 22. Nxe5 Qe8 23. Bb2 Nxd5 24. Qxd5 Ba6 25. Rfd1 f3 26. gxf3 gxf3 27. Kf2 Qh5 28. Rg1 Qxh2+ 29.
Ke3 Qe2+ 30. Kd4 Qxb2+ 31. Kc5 Qxe5 0-1

[Event "Late-Titled-Tuesday-Blitz-January-16-2024"]
[Site "Chess.com"]
[Date "2024.01.16"]
[Round "6"]
[White "Rikikits"]
[Black "HalfIsCrayfish"]
[Result "1-0"]
[WhiteElo "2834"]
[BlackElo "2610"]
[TimeControl "180+1"]
[EndTime "15:02:27 PST"]
[Termination "Rikikits won by resignation"]

1. d4 Nf6 2. c4 g6 3. Nc3 d5 4.
Nf3 Bg7 5. Qb3 dxc4 6. Qxc4 O-O 7.
e4 Nc6 8. Be3 Ng4 9. O-O-O Nxe3 10. fxe3 Rb8 11. Kb1 Bd7 12. h4 b5 13. Qc5 b4 14. Nd5 e6 15. Nf4 Qe7 16. Rc1 Qxc5 17. Rxc5 Rfd8 18. e5 Bf8 19. Rc1 Ne7 20. g4 Bc6 21.
Be2 Be4+ 22. Ka1 Nd5 23. Nxd5 Rxd5 24. Rhf1 Ra5 25. b3 c5 26. Bc4 cxd4 27. exd4 Rd8 28. Ng5 Bg2 29. Rxf7 h6 30. Nxe6 Kxf7 31. Nxd8+ Ke8 32.
Ne6 Be7 33. g5 hxg5 34. hxg5 Bh3 35. Kb2 Bf5 36. Rf1 Bxe6 37. Bxe6 Bxg5 38. Bf7+ Ke7 39. Kc2 Ra6 40. Bc4 Rc6 41. Kd3 Rc8 42. Rf7+ Ke8 43. Rxa7 Be7 44. d5 g5 45. d6 1-0

[Event "Late-Titled-Tuesday-Blitz-January-16-2024"]
[Site "Chess.com"]
[Date "2024.01.16"]
[Round "6"]
[White "SergioMoralesG"]
[Black "IraZyne"]
[Result "1-0"]
[WhiteElo "2470"]
[BlackElo "2258"]
[TimeControl "180+1"]
[EndTime "15:02:27 PST"]
[Termination "SergioMoralesG won by checkmate"]

1. d4 d5 2. c4 e6 3. Nf3 c6 4.
Qc2 f5 5. Bg5 Nf6 6. e3 Be7 7.
Nc3 O-O 8. Bd3 h6 9. Bf4 Ne4 10. O-O Nd7 11. Nd2 Bf6 12. f3 Nxd2 13. Qxd2 Kh8 14.
b3 dxc4 15. Bxc4 e5 16. dxe5 Nxe5 17. Qc2 Nxc4 18. bxc4 Be6 19. Rab1 Qa5 20. Rfc1 b6 21. Ne2 Qc5 22. Rd1 Rad8 23. Rbc1 g5 24. Bg3 Rxd1+ 25. Qxd1 Qxe3+ 26. Bf2 Qe5 27. Bd4 Qc7 28. Bxf6+ Rxf6 29. Qd4 Qg7 30. Ng3 Rf7 31. Qd6 Qf6 32. Qxc6 Qd4+ 33.
Kh1 Bd7 34. Qxh6+ Rh7 35. Qf8# 1-0

[Event "Late-Titled-Tuesday-Blitz-January-16-2024"]
[Site "Chess.com"]
[Date "2024.01.16"]
[Round "6"]
[White "Makswolf200817"]
[Black "ChristopherYoo"]
[Result "1-0"]
[WhiteElo "2756"]
[BlackElo "2979"]
[TimeControl "180+1"]
[EndTime "15:02:29 PST"]
[Termination "Makswolf200817 won on time"]

1. d4 Nf6 2. c4 e6 3. g3 d5 4. Bg2 Bb4+ 5. Bd2 Be7 6. Nf3 O-O 7. O-O Nbd7 8. Qc2 c6 9. Rc1 a5 10. h4 h6 11. Bf4 a4 12. Nbd2 Nh5 13. e3 a3 14. b3 Nxf4 15. exf4 Nf6 16. Re1 Bb4 17.
Re2 Qa5 18. Rd1 Rd8 19. Ne5 Bd7 20. Nf1 Be8 21. Ne3 Bf8 22. f5 exf5 23. Qxf5 dxc4 24. bxc4 Bd7 25. Qb1 Qb4 26. Qd3 Be8 27. Rb1 Qd6 28. Nf3 Qc7 29. Qc2 g6 30. c5 Bg7 31.
Nc4 Bd7 32. Nd6 Be6 33. Rxb7 Qa5 34. Ne5 Rdb8 35. Rxb8+ Rxb8 36. Nxc6 1-0

[Event "Late-Titled-Tuesday-Blitz-January-16-2024"]
[Site "Chess.com"]
[Date "2024.01.16"]
[Round "6"]
[White "argentum049"]
[Black "Viktor_Poddubnyi"]
[Result "1-0"]
[WhiteElo "2496"]
[BlackElo "2267"]
[TimeControl "180+1"]
[EndTime "15:02:30 PST"]
[Termination "argentum049 won by resignation"]

1. e4 g6 2. d4 Bg7 3. Nc3 d6 4. f4 Nf6 5. Nf3 c5 6. d5 O-O 7.
Bd3 e6 8. dxe6 Bxe6 9. O-O Nc6 10. f5 Bd7 11. Bf4 Ne8 12. Nd5 Nb4 13. Bg5 f6 14. Nxb4 fxg5 15. Nd5 g4 16. Nd2 Nf6 17. Nxf6+ Bxf6 18. Qxg4 Bxb2 19. Rab1 Bd4+ 20. Kh1 b6 21.
Nf3 Bg7 22. Qg3 gxf5 23. Qxd6 fxe4 24. Bxe4 Rc8 25. Qd5+ Kh8 26. Ng5 Rxf1+ 27. Rxf1 1-0

[Event "Late-Titled-Tuesday-Blitz-January-16-2024"]
[Site "Chess.com"]
[Date "2024.01.16"]
[Round "6"]
[White "Doudou2015"]
[Black "katharinareinecke"]
[Result "1-0"]
[WhiteElo "2203"]
[BlackElo "2021"]
[TimeControl "180+1"]
[EndTime "15:02:32 PST"]
[Termination "Doudou2015 won by checkmate"]

1. b3 d5 2. Bb2 Nf6 3. e3 e6 4. f4 Be7 5. Nf3 c5 6. Bb5+ Bd7 7. Bd3 Nc6 8. O-O Nb4 9. Be2 O-O 10. a3 Nc6 11. Nc3 a6 12. Bd3 b5 13. Qe1 c4 14.
Be2 Qb6 15. Kh1 Rad8 16. Ng5 h6 17. Nh3 cxb3 18. cxb3 d4 19. exd4 Nxd4 20. Bd1 Bc6 21. Ng1 Qb7 22. Qg3 Nh5 23. Bxh5 Nxb3 24. Nd5 g6 25.
Bxg6 f6 26. Be8+ Kh7 27. Bxc6 Qxc6 28. Nxe7 Qd7 29. Qg6+ Kh8 30. Qxh6# 1-0

[Event "Late-Titled-Tuesday-Blitz-January-16-2024"]
[Site "Chess.com"]
[Date "2024.01.16"]
[Round "6"]
[White "VitorBronson"]
[Black "Rodalquilar"]
[Result "1-0"]
[WhiteElo "2576"]
[BlackElo "2722"]
[TimeControl "180+1"]
[EndTime "15:02:33 PST"]
[Termination "VitorBronson won by resignation"]

1. d4 d5 2. c4 e6 3. Nf3 Nf6 4. Nc3 a6 5. c5 b6 6. cxb6 c5 7. e3 Nbd7 8. Bd3 Qxb6 9. O-O Be7 10. b3 O-O 11. Ba3 Qd8 12. Bb2 Bb7 13. Ne5 Nxe5 14. dxe5 Nd7 15. f4 Qb6 16. Rf3 f5 17. exf6 Nxf6 18.
Rh3 h6 19. Rb1 Rad8 20. Ne2 d4 21. exd4 Qc6 22. Rg3 Ne4 23. Rxg7+ Kh8 24. d5 exd5 25. Rxe7+ Kg8 26. Rg7+ Kh8 27. Rc7+ 1-0

[Event "Late-Titled-Tuesday-Blitz-January-16-2024"]
[Site "Chess.com"]
[Date "2024.01.16"]
[Round "6"]
[White "RichardLeyvaP"]
[Black "Kostukov_Alex"]
[Result "1-0"]
[WhiteElo "2532"]
[BlackElo "2318"]
[TimeControl "180+1"]
[EndTime "15:02:41 PST"]
[Termination "RichardLeyvaP won on time"]

1. e4 c5 2. Nf3 g6 3. d4 cxd4 4. Nxd4 Bg7 5. Nc3 Nc6 6. Nb3 Nf6 7. Be2 O-O 8. O-O a5 9. a4 d6 10. Re1 Be6 11. Bf1 Rc8 12. Nd5 Nb4 13. Nxf6+ Bxf6 14.
c3 Nc6 15. Bh6 Re8 16. Bb5 Bd7 17. Be3 Ne5 18. Bf1 Nc4 19. Bc1 Qb6 20. Bxc4 Rxc4 21. Be3 Qc7 22. Nd2 Rc6 23. f3 Qb8 24. Qe2 1-0

[Event "Late-Titled-Tuesday-Blitz-January-16-2024"]
[Site "Chess.com"]
[Date "2024.01.16"]
[Round "6"]
[White "ritanovikova"]
[Black "GMFYHR1"]
[Result "0-1"]
[WhiteElo "2182"]
[BlackElo "2472"]
[TimeControl "180+1"]
[EndTime "15:02:41 PST"]
[Termination "GMFYHR1 won on time"]

1. e4 c5 2. Nc3 Nc6 3. d3 Nf6 4. Be3 e6 5. f4 d5 6. e5 Nd7 7. Bf2 f6 8. exf6 Nxf6 9. Nf3 Bd6 10. h3 Bxf4 11. Bxc5 Bg3+ 12. Bf2 Bxf2+ 13. Kxf2 Qb6+ 14. Kg3 Qxb2 15. Na4 Nh5+ 16. Kh2 Qb4 17. c4 O-O 18. Rb1 Qd6+ 19. Kg1 Ng3 20. Rh2 Nd4 21. Qd2 Rxf3 22. Qg5 Nxf1 23. Rxf1 Ne2+ 0-1

[Event "Late-Titled-Tuesday-Blitz-January-16-2024"]
[Site "Chess.com"]
[Date "2024.01.16"]
[Round "6"]
[White "Nouali_Mohamed"]
[Black "Chessbard1972"]
[Result "0-1"]
[WhiteElo "2534"]
[BlackElo "2422"]
[TimeControl "180+1"]
[EndTime "15:02:44 PST"]
[Termination "Chessbard1972 won by resignation"]

1. e4 c5 2. Nf3 a6 3. c3 d5 4. exd5 Qxd5 5. d4 Nf6 6. Be2 Bg4 7. O-O e6 8. h3 Bh5 9. Be3 cxd4 10. cxd4 Nc6 11. Nc3 Qd6 12. Qd2 Be7 13. Rfd1 Nb4 14. Bf4 Qd8 15. g4 Bg6 16. Ne5 O-O 17. Bh2 Ne4 18.
Nxe4 Bxe4 19. a3 Nc6 20. Qe3 Bd5 21. f4 Rc8 22. Rac1 Bd6 23. Bd3 g6 24. g5 Nxe5 25. fxe5 Be7 26. h4 h6 27. Bf4 hxg5 28. hxg5 Kg7 29.
Kf2 Rh8 30. Rxc8 Qxc8 31. Rc1 Qd8 32. b4 Rh5 33. Be2 Rxg5 34. Bxg5 Bxg5 35. Qc3 Bxc1 36.
Qxc1 Qh4+ 0-1

[Event "Late-Titled-Tuesday-Blitz-January-16-2024"]
[Site "Chess.com"]
[Date "2024.01.16"]
[Round "6"]
[White "BilodeauA"]
[Black "IMRosen"]
[Result "1-0"]
[WhiteElo "2911"]
[BlackElo "2682"]
[TimeControl "180+1"]
[EndTime "15:02:45 PST"]
[Termination "BilodeauA won by checkmate"]

1. e4 c5 2. Nf3 e6 3. d4 cxd4 4. Nxd4 Nc6 5. Nc3 Qc7 6. h3 a6 7. Nxc6 bxc6 8. Bd3 d5 9. O-O Nf6 10. Qe2 Be7 11. Bg5 O-O 12. Rad1 Re8 13. Rfe1 Bb7 14. e5 Nd7 15. Bxe7 Rxe7 16. Qh5 Nf8 17.
Ne2 c5 18. c3 a5 19. Ng3 Ba6 20. Bb1 Rb8 21. Rd2 a4 22. Qh4 Qd8 23. Qxa4 Ra7 24.
Qg4 Ng6 25. f4 Bc8 26. Kh2 Ra4 27. Rf2 Nxe5 28. Rxe5 Qc7 29. b4 cxb4 30. Nh5 f5 31. Bxf5 bxc3 32. Bxh7+ Kxh7 33. Nf6+ gxf6 34. Rh5# 1-0